 Dungeon Crawl Stone Soup version 0.19-a0-1786-g230130f (webtiles) character file.

63973 kroki the Severer (level 15, -20/99 HPs)
             Began as a Gargoyle Berserker on Oct 3, 2016.
             Was the Champion of Trog.
             Demolished by an orc warlord
             ... wielding a +2 bardiche
              (55 damage)
             ... on level 2 of the Orcish Mines.
             The game lasted 00:20:34 (20822 turns).

kroki the Severer (Gargoyle Berserker)             Turns: 20822, Time: 00:20:34

Health: -20/99     AC: 31    Str: 26    XL:     15   Next: 11%
Magic:  5/5        EV: 20    Int:  7    God:    Trog [******]
Gold:   835        SH:  4    Dex: 14    Spells: 0 memorised, 14 levels left

rFire  + . .     SeeInvis .     V - +4 battleaxe (antimagic)
rCold  + . .     Gourm    .     C - +4 ring mail of Dogma {+Blink}
rNeg   + . .     Faith    .     (shield currently unavailable)
rPois  ∞         Spirit   .     q - +1 helmet
rElec  +         Dismiss  .     G - +0 cloak {+Inv}
rCorr  +         Reflect  .     E - +0 pair of gloves {Str+3}
MR     ++++.     Harm     .     S - +1 pair of boots
Stlth  +.........               r - amulet of regeneration {+regen, !d}
                                L - +6 ring of evasion
                                s - ring of protection from magic {MR+, !d}

@: resistant, flying, regenerating, drained
A: big wings, large bone plates 1, negative energy resistance 1, sense
surroundings 1, electricity resistance, unbreathing, petrification resistance,
rot immunity, AC +11
a: Stop Flying, Berserk, Trog's Hand, Brothers in Arms, Burn Spellbooks,
Renounce Religion, Evoke Blink, Evoke Invisibility


You were on level 2 of the Orcish Mines.
You worshipped Trog.
Trog was exalted by your worship.
You were hungry.

You visited 3 branches of the dungeon, and saw 20 of its levels.
You also visited: Bailey.

You collected 1961 gold pieces.
You spent 1126 gold pieces at shops.

Inventory:

Hand Weapons
 d - a +2 dire flail of holy wrath
   (You took it off Edmund on level 4 of the Dungeon)
 J - a +3 antimagic executioner's axe
   (Trog gifted it to you on level 4 of the Lair of Beasts)
 V - a +4 antimagic battleaxe (weapon)
   (Trog gifted it to you on level 10 of the Dungeon)
Missiles
 a - 2 throwing nets {=f, !d}
Armour
 q - a +1 helmet (worn)
   (You found it on level 2 of the Dungeon)
 C - the +4 ring mail of Dogma (worn) {+Blink}
   (You found it on level 4 of the Lair of Beasts)

   It lets you blink.
 E - a +0 pair of gloves of strength (worn)
   (You bought it in a shop on level 6 of the Dungeon)
 G - a +0 cloak of invisibility (worn)
   (You bought it in a shop on level 6 of the Dungeon)
 Q - the +3 scale mail of Thank Me Later {+Inv rElec rF- Regen+}
   (You bought it in a shop on level 12 of the Dungeon)

   It makes you vulnerable to fire.
   It insulates you from electricity.
   It lets you turn invisible.
   It increases your rate of regeneration.
 S - a +1 pair of boots (worn)
   (You bought it in a shop on level 12 of the Dungeon)
Jewellery
 r - an amulet of regeneration (around neck) {+regen, !d}
   (You found it on level 2 of the Dungeon)
 s - a ring of protection from magic (left hand) {MR+, !d}
   (You took it off a goblin on level 2 of the Dungeon)
 A - a +4 ring of protection
   (You found it on level 1 of the Lair of Beasts)
 L - a +6 ring of evasion (right hand)
   (You found it on level 7 of the Dungeon)
Wands
 e - a wand of confusion (25/48)
   (You found it on level 12 of the Dungeon)
 x - a wand of digging (24/24)
   (You found it on level 6 of the Dungeon)
 Y - a wand of disintegration (13/24)
   (You found it on level 2 of the Lair of Beasts)
Scrolls
 f - 10 scrolls of teleportation
 j - a scroll of enchant weapon
 k - 2 scrolls of blinking {!r}
 l - 11 scrolls of remove curse
 o - 4 scrolls of magic mapping {!r}
 t - 2 scrolls of noise {!r}
 y - 4 scrolls of enchant armour
 z - 4 scrolls of immolation {!r}
 B - 2 scrolls of fear
 F - 5 scrolls of recharging
 H - a scroll of fog
 W - a scroll of identify
Potions
 b - 4 potions of lignification {!q}
 g - 2 potions of brilliance
 h - 3 potions of degeneration {!q}
 i - 4 potions of haste
 m - 18 potions of curing
 n - a potion of magic
 p - 11 potions of heal wounds
 u - 5 potions of flight
 D - 2 potions of cure mutation {!q}
 I - a potion of resistance
 M - a potion of ambrosia
 N - 3 potions of might
 R - 2 potions of cancellation
 T - a potion of invisibility
 U - 5 potions of agility
Miscellaneous
 P - a crystal ball of energy
   (You found it on level 8 of the Dungeon)
 X - a lamp of fire
   (You found it on level 6 of the Lair of Beasts)
Comestibles
 c - 7 bread rations {@e1}
 v - 6 meat rations {@e2}
 w - 18 chunks of flesh {@w0}
 K - 19 fruits
 O - 9 slices of pizza
 Z - 14 royal jellies


   Skills:
 + Level 13.5(13.4) Fighting
 * Level 17.1(17.0) Axes
 + Level 12.7 Armour
 + Level 4.7 Dodging


You had 14 spell levels left.
You didn't know any spells.

Dungeon Overview and Level Annotations

Branches:
Dungeon (12/15)            Temple (0/1) D:4            Lair (6/6) D:10
  Swamp (0/4) Lair:2       Spider (0/4) Lair:4        Slime (0/5) Lair:5
    Orc (1/2) D:12            Elf (0/3) Orc:2

Altars:
Dithmenos
Elyvilon
Okawaru
Qazlal
Beogh

Shops:
D:6 [   D:10 !   D:11 :   D:12 [*   Orc:2 :%

Annotations:
Lair:3 exclusion: oklob plant


Innate Abilities, Weirdness & Mutations

You are resistant to torment.
Your stone body is resilient. (AC +11)
You are immune to poison.
Your large and strong wings let you fly indefinitely.
You resist negative energy. (rN+)
You are resistant to electric shocks. (rElec)
You can survive without breathing.
You are immune to petrification.
You are immune to rotting.
You are partially covered in large bone plates. (SH +4)
You passively map a small area around you.


Message History

There is an open gate, spattered with blood here.
Things that are here:
a dagger; a robe; an orc corpse You take 8 damage, and have 80/99 hp.
An orc, an orc warrior and an orc wizard come into view.
The orc wizard shouts!
The orc shouts!
You block the warg's attack. The orc misses you.
The orc sorcerer barely misses you. The troll closely misses you.
The troll barely misses you. x2
An orc warrior and an orc high priest come into view.
Things that are here:
a dagger; a robe
There are monsters nearby!
The orc warrior shouts!
The orc high priest shouts!
You hit the troll. You slash the orc sorcerer!
The orc sorcerer's magic leaks into the air.
You slice the orc wizard!!
You kill the orc wizard!
Trog accepts your kill.
Trog appreciates your killing of a magic user.
You barely miss the warg. You barely miss the orc. The warg barely misses you.
The orc barely misses you. You block the orc sorcerer's attack.
The orc hits you but does no damage.
Unknown command.
Your skin crawls.
You feel resistant to hostile enchantments.
You feel somewhat more hungry. The warg closely misses you.
The troll barely misses you. The troll claws you but does no damage.
The troll closely misses you. The orc barely misses you.
The orc warrior closely misses you.
The orc sorcerer gestures at you while chanting.
The bolt of fire hits you!
The bolt of fire hits the orc.
The orc dies!
The warg misses you.
An ogre comes into view. It is wielding a giant club.
The ogre shouts!
Unknown command.
Okay, then.
You feel protected.
You feel the effects of Trog's Hand fading.
The orc hits you from afar with a trident!
The troll bites you. The troll closely misses you.
The troll claws you but does no damage. The warg misses you.
The orc sorcerer points at you and mumbles some strange words.
The bolt of negative energy misses you. The orc warrior barely misses you.
An orc comes into view.
You take 8 damage, and have 75/99 hp.
Really read
z - 5 scrolls of immolation {!r}?
As you read the scroll of immolation {!r}, it crumbles to dust.
The creatures around you are filled with an inner flame!
The orc shouts!
The troll bites you. You block the troll's attack.
The troll completely misses you. The orc closely misses you.
The warg bites you but does no damage.
The orc priest mumbles some strange prayers to Beogh against you.
Beogh smites you! The orc sorcerer closely misses you.
An orc comes into view. It is wielding a whip.
The orc shouts!
You take 19 damage, and have 56/99 hp.
Unknown command.
You slice the orc warrior like a ripe choko!!!
The orc warrior explodes!
The fiery explosion engulfs you! You resist.
The fiery explosion engulfs the warg.
The warg explodes!
The fiery explosion engulfs the orc warlord.
The fiery explosion engulfs you! You resist.
The fiery explosion engulfs the orc.
The orc explodes!
The fiery explosion engulfs the orc knight.
The fiery explosion engulfs the orc warlord.
The fiery explosion engulfs the orc warrior.
The orc warrior explodes!
The fiery explosion engulfs the orc priest.
The orc priest explodes!
The fiery explosion engulfs the orc warlord.
The fiery explosion engulfs the orc high priest.
The fiery explosion engulfs the orc knight.
Trog accepts your kill.
The fiery explosion engulfs the orc sorcerer.
The orc sorcerer explodes!
The fiery explosion engulfs you! You resist. Trog accepts your kill.
Trog appreciates your killing of a magic user.
Trog accepts your kill. x4
You slash the troll!
You are engulfed in roaring flames.
You resist. The troll misses you. The troll completely misses you. x2
The orc warlord is engulfed in roaring flames.
The orc warlord hits you from afar with an enchanted bardiche!
The orc wizard casts a spell.
The orc wizard blinks!
The orc knight is engulfed in roaring flames.
The orc knight roars a battlecry!
The orc warlord goes into a battle-frenzy!
An orc high priest comes into view. It is wielding a short sword.
You are engulfed in roaring flames.
You resist.
The orc warlord is engulfed in roaring flames.
The orc warlord hits you from afar with an enchanted bardiche!!!
Ouch! That really hurt!
You die...

.#....### #........#...#
#
###.....####..........##
######## ####.....#
#.......)).# #.......
..#...#.## ##.#.......#
#..##### .....####
####.....## #.##...#
......# ###.8)8.###
#.#..... .....##
#...)T)...#**#.#._8..
....####
#...##§§)##...##.#.....
....#..# #..###§@§§.#
#..#.##...# .#.....#
#.#* #8§§§8# * .#..#####
.#.#...###.# ##o§§## *
#....... #####......#
,#o§§# *,########
)##.....##. , ,'o§o', ,
, # [.......# , .#ooO#.,
, ......### , ##.8o### *
###).## , ,#oo.# ..8..##
, ,


You could see an orc warlord (inner flame), an orc knight (inner flame), 2 orc
high priests, a troll (inner flame), an orc warrior (inner flame), an ogre
(inner flame), an orc wizard (inner flame) and 3 orcs.

Vanquished Creatures
  Snorg (Lair:6)
  Josephine (Lair:4)
  The ghost of zkyp the Nimble, a journeyman OpGl of Hepliaklqana (Lair:2)
  Harold (Lair:4)
  4 hydras
  8 death yaks
  Urug (Lair:5)
  3 orc knights
  Pikel (D:6)
  5 hill giants
  An orc sorcerer (Orc:2)
  The ghost of Ruebezahl the Destroyer, a novice DECj of Vehumet (D:8)
  3 ugly things
  An oklob plant (Lair:4)
  10 elephants
  4 black mambas
  A torpor snail (Lair:6)
  25 spiny frogs
  6 komodo dragons
  A queen bee (Lair:4)
  4 jumping spiders (Lair:4)
  3 trolls
  3 meliai (Lair:4)
  2 two-headed ogres
  4 tyrant leeches (Lair:6)
  6 hippogriffs
  Prince Ribbit (Lair:2)
  11 blink frogs
  Grinder (D:3)
  9 dream sheep
  A slime creature (Lair:5)
  5 redbacks (Lair:4)
  38 yaks
  5 wraiths
  A shadow (D:11)
  2 basilisks
  A steam dragon (D:12)
  4 vampire mosquitoes (Lair:6)
  A hungry ghost (D:11)
  3 wargs (Orc:2)
  Edmund (D:4)
  10 water moccasins
  5 porcupines
  2 hell hounds (D:10)
  4 ice beasts
  A hornet zombie (D:11)
  22 orc warriors
  A sky beast (D:9)
  An eye of draining (D:11)
  2 slaves (D:6)
  14 ogres
  4 centaurs
  A phantom (D:9)
  5 wolves (Lair:5)
  12 crocodiles
  5 big kobolds
  Blork the orc (D:6)
  26 bullfrogs
  4 scorpions
  A water moccasin skeleton (D:9)
  34 killer bees
  3 howler monkeys (D:7)
  4 wights (D:11)
  5 electric eels
  A crimson imp (D:5)
  10 jellies
  2 quasits
  A bullfrog zombie (D:12)
  3 centaur skeletons
  A gnoll shaman (D:6)
  9 orc priests
  3 hounds
  29 orc wizards
  4 bullfrog skeletons
  16 iguanas
  8 worker ants
  A killer bee zombie (D:5)
  2 hound skeletons
  A worker ant zombie (D:5)
  A howler monkey zombie (D:7)
  A howler monkey skeleton (D:5)
  27 gnolls
  7 adders
  60 river rats
  3 shadow imps
  15 oozes
  An adder skeleton (D:5)
  A worm (D:3)
  2 dart slugs
  5 leopard geckos
  92 orcs
  3 giant cockroaches
  7 goblins
  15 hobgoblins
  18 jackals
  20 kobolds
  3 bats
  4 frilled lizards
  A giant cockroach zombie (D:5)
  A leopard gecko zombie (D:6)
  6 rats
  4 fungi
  4 plants (Lair:6)
744 creatures vanquished.

Vanquished Creatures (others)
  A slave (D:6)
  A phantom (D:11)
  An orc wizard (Orc:2)
  2 orcs
  24 fungi
  34 plants (Lair:6)
63 creatures vanquished.

Grand Total: 807 creatures vanquished

Notes
Turn   | Place    | Note
-------+----------+-------------------------------------------
     0 | D:1      | kroki the Gargoyle Berserker began the quest for the Orb.
     0 | D:1      | Reached XP level 1. HP: 14/14 MP: 1/1
    80 | D:1      | Reached skill level 3 in Axes
   119 | D:1      | Reached XP level 2. HP: 19/19 MP: 2/2
   724 | D:1      | Reached XP level 3. HP: 21/23 MP: 3/3
   744 | D:1      | Reached ** piety under Trog
  1345 | D:2      | Reached skill level 4 in Axes
  1638 | D:2      | Reached XP level 4. HP: 28/28 MP: 4/4
  1764 | D:2      | Found a white marble altar of Elyvilon.
  2124 | D:3      | Found a faded altar of an unknown god.
  2463 | D:3      | Reached skill level 5 in Axes
  2567 | D:3      | Reached XP level 5. HP: 32/32 MP: 5/5
  2648 | D:3      | Noticed Grinder
  2658 | D:3      | Killed Grinder
  2658 | D:3      | Reached skill level 6 in Axes
  2658 | D:3      | Reached XP level 6. HP: 37/37 MP: 6/6
  3303 | D:3      | Reached *** piety under Trog
  3673 | D:4      | Noticed Edmund
  3687 | D:4      | Killed Edmund
  3687 | D:4      | Reached skill level 7 in Axes
  3687 | D:4      | Reached XP level 7. HP: 41/41 MP: 7/7
  3774 | D:4      | Found a staircase to the Ecumenical Temple.
  4141 | D:4      | Reached skill level 8 in Axes
  4359 | D:5      | Entered Level 5 of the Dungeon
  4571 | D:5      | Reached XP level 8. HP: 46/46 MP: 8/8
  4824 | D:5      | Reached skill level 9 in Axes
  5345 | D:6      | Found Munirunk's Antique Armour Boutique.
  5349 | D:6      | Bought a pair of runed gloves for 112 gold pieces
  5349 | D:6      | Bought an embroidered cloak for 112 gold pieces
  5592 | D:6      | Reached **** piety under Trog
  5621 | D:6      | HP: 9/46 [orc wizard/magic dart (7)]
  5753 | D:6      | Reached skill level 4 in Fighting
  5755 | D:6      | Reached skill level 10 in Axes
  5755 | D:6      | Reached skill level 3 in Armour
  5856 | D:6      | Noticed Pikel
  5865 | D:6      | Noticed Blork the orc
  5871 | D:6      | Killed Pikel
  5871 | D:6      | Reached XP level 9. HP: 53/53 MP: 9/9
  5889 | D:6      | Reached skill level 5 in Fighting
  5898 | D:6      | Killed Blork the orc
  5898 | D:6      | Reached skill level 4 in Armour
  6487 | D:7      | Found an iron altar of Okawaru.
  7293 | D:8      | Noticed Ruebezahl's ghost (novice DECj)
  7305 | D:8      | Paralysed by Ruebezahl's ghost for 3 turns
  7315 | D:8      | Killed Ruebezahl's ghost
  7315 | D:8      | Reached skill level 6 in Fighting
  7315 | D:8      | Reached skill level 11 in Axes
  7315 | D:8      | Reached skill level 5 in Armour
  7374 | D:8      | Reached XP level 10. HP: 61/61 MP: 10/10
  7859 | D:9      | Reached ***** piety under Trog
  7865 | D:9      | Reached skill level 7 in Fighting
  7878 | D:9      | Reached skill level 6 in Armour
  7934 | D:9      | Found a flagged portal.
  7959 | Bailey   | Entered a bailey
  8099 | Bailey   | Noticed an orc knight
  8185 | Bailey   | Killed an orc knight
  8185 | Bailey   | Reached skill level 12 in Axes
  8581 | D:9      | Received a gift from Trog
  8654 | D:9      | Found a shadowy altar of Dithmenos.
  8945 | D:9      | Reached skill level 8 in Fighting
  8950 | D:9      | Reached XP level 11. HP: 67/68 MP: 11/11
  8951 | D:9      | Reached skill level 7 in Armour
  8987 | D:9      | Noticed a three-headed hydra
  9008 | D:9      | Killed a 19-headed hydra
  9440 | D:10     | Entered Level 10 of the Dungeon
  9547 | D:10     | Noticed a hill giant
  9558 | D:10     | Killed a hill giant
  9633 | D:10     | Found Kokemiev's Distillery.
  9647 | D:10     | Bought a potion of curing for 48 gold pieces
  9647 | D:10     | Bought a potion of curing for 48 gold pieces
  9647 | D:10     | Bought a potion of agility for 64 gold pieces
  9647 | D:10     | Bought a potion of flight for 48 gold pieces
  9647 | D:10     | Bought a potion of agility for 64 gold pieces
  9647 | D:10     | Bought a potion of agility for 64 gold pieces
  9647 | D:10     | Bought a potion of heal wounds for 80 gold pieces
  9778 | D:10     | Found a staircase to the Lair.
 10141 | D:10     | Received a gift from Trog
 10225 | D:11     | Reached skill level 13 in Axes
 10355 | D:11     | Got a silken robe
 10361 | D:11     | Reached skill level 9 in Fighting
 10379 | D:11     | Noticed a red ugly thing
 10387 | D:11     | Killed a red ugly thing
 10488 | D:11     | Reached skill level 8 in Armour
 10728 | D:11     | Found a stormy altar of Qazlal.
 10803 | D:11     | Found Saqaps's Book Shop.
 11052 | D:11     | Noticed a cyan ugly thing
 11067 | D:11     | Killed a cyan ugly thing
 11492 | Lair:1   | Entered Level 1 of the Lair of Beasts
 11635 | Lair:1   | Reached XP level 12. HP: 42/77 MP: 4/12
 11869 | Lair:1   | Reached skill level 10 in Fighting
 11869 | Lair:1   | Reached skill level 9 in Armour
 12429 | Lair:2   | Reached skill level 14 in Axes
 12527 | Lair:2   | Reached ****** piety under Trog
 12538 | Lair:2   | Found a staircase to the Swamp.
 12814 | Lair:2   | Noticed Prince Ribbit
 12816 | Lair:2   | Noticed zkyp's ghost (journeyman OpGl)
 12835 | Lair:2   | Killed Prince Ribbit
 12842 | Lair:2   | Killed zkyp's ghost
 13058 | Lair:2   | Noticed a seven-headed hydra
 13073 | Lair:2   | Killed a 14-headed hydra
 13483 | Lair:3   | Received a gift from Trog
 13483 | Lair:3   | Reached skill level 10 in Armour
 13561 | Lair:3   | Reached skill level 11 in Fighting
 13652 | Lair:3   | Reached XP level 13. HP: 75/84 MP: 4/13
 13767 | Lair:3   | Reached skill level 15 in Axes
 13906 | Lair:3   | Found a stormy altar of Qazlal.
 14695 | Lair:4   | Found a hole to the Spider Nest.
 14783 | Lair:4   | Noticed Josephine
 14790 | Lair:4   | Reached skill level 11 in Armour
 14800 | Lair:4   | Killed Josephine
 15091 | Lair:4   | Reached skill level 12 in Fighting
 15274 | Lair:4   | Gained mutation: You are partially covered in large bone plates. (SH +4) [potion of beneficial mutation]
 15275 | Lair:4   | Gained mutation: You passively map a small area around you. [potion of beneficial mutation]
 15276 | Lair:4   | Noticed Harold
 15303 | Lair:4   | Killed Harold
 15504 | Lair:4   | Got an ichor-stained ring mail
 15791 | Lair:4   | Received a gift from Trog
 15812 | Lair:4   | Reached skill level 16 in Axes
 15822 | Lair:4   | Identified the +4 ring mail of Dogma {+Blink} (You found it on level 4 of the Lair of Beasts)
 16179 | Lair:5   | Noticed Urug
 16191 | Lair:5   | Killed Urug
 16191 | Lair:5   | Reached skill level 2 in Dodging
 16263 | Lair:5   | Gained mutation: Your large and strong wings let you fly indefinitely. [Gargoyle growth]
 16263 | Lair:5   | Reached XP level 14. HP: 92/92 MP: 4/14
 16345 | Lair:5   | Got a crude large shield
 16731 | Lair:5   | Found a staircase to the Slime Pits.
 16967 | Lair:5   | Identified the +5 large shield of Xiesetou {rN+} (You found it on level 5 of the Lair of Beasts)
 17008 | Lair:6   | Entered Level 6 of the Lair of Beasts
 17030 | Lair:6   | Reached skill level 12 in Armour
 17263 | Lair:6   | Received a gift from Trog
 17277 | Lair:6   | Reached skill level 3 in Dodging
 17340 | Lair:6   | HP: 23/92 [spiny frog (14)]
 17342 | Lair:6   | HP: 5/92 [tyrant leech (16)]
 17512 | Lair:6   | Noticed Snorg
 17524 | Lair:6   | Killed Snorg
 17756 | Lair:6   | Reached skill level 13 in Fighting
 17759 | Lair:6   | Received a gift from Trog
 18364 | Lair:6   | Reached skill level 4 in Dodging
 19332 | D:12     | Found a staircase to the Orcish Mines.
 19415 | D:12     | Found Sumnynt's Antique Armour Emporium.
 19438 | D:12     | Bought a brightly glowing scale mail for 324 gold pieces
 19438 | D:12     | Bought a pair of embroidered boots for 162 gold pieces
 19453 | D:12     | Identified the +3 scale mail of Thank Me Later {+Inv rElec rF- Regen+} (You bought it in a shop on level 12 of the Dungeon)
 19488 | D:12     | Found Qapn's Assorted Antiques.
 19832 | Orc:1    | Entered Level 1 of the Orcish Mines
 19834 | Orc:1    | You are sucked into a shaft!
 19834 | Orc:2    | Entered Level 2 of the Orcish Mines
 19948 | Orc:2    | Found Qamaus's Book Shop.
 20004 | Orc:2    | Found a roughly hewn altar of Beogh.
 20032 | Orc:2    | Reached skill level 17 in Axes
 20129 | Orc:2    | Reached XP level 15. HP: 74/99 MP: 5/15
 20365 | Orc:2    | Found a staircase to the Elven Halls.
 20571 | Orc:2    | Received a gift from Trog
 20575 | Orc:2    | Found a roughly hewn altar of Beogh.
 20575 | Orc:2    | Found Wielyi's Food Emporium.
 20649 | Orc:2    | Found a roughly hewn altar of Beogh.
 20737 | Orc:2    | Found a roughly hewn altar of Beogh.
 20814 | Orc:2    | Noticed an orc warlord
 20822 | Orc:2    | Demolished by an orc warlord

Vault maps used:
D:1:      lemuel_arrival_broad_hall
D:2:      first_bread, elyvilon_altar_5
D:3:      ecumenical_altar_2, uniq_grinder
D:4:      uniq_edmund
D:5:      minmay_misc_feat_nine_boxes, minmay_fountain_box,
          serial_park_tiny_pond, nrook_pool_corridor, hex_large
D:6:      serial_shops, shop_fountains, uniq_blork_the_orc, uniq_pikel
D:7:      okawaru_gym_becter
D:8:      minmay_bloctagon_deflated
D:9:      lemuel_ogre_cave, enter_bailey_8, hangedman_ranch,
          nicolae_dithmenos_the_darkroom
D:10:     minmay_lair_entry_lava, serial_shops, shop_coins,
          kennysheep_generic_room_7
D:11:     serial_shops, nicolae_shop_trees, nicolae_qazlal_eye_of_the_storm
D:12:     hiddenorc1_lemuel, serial_shops, shop, shop
Lair:1:   serial_bayou_shore_b, grunt_megastairs_4, lemuel_fruit_tree
Lair:2:   minmay_swamp_entry_reptiles, uniq_prince_ribbit2
Lair:3:   minmay_lair_oklob_items, basic_altar
Lair:4:   lemuel_slime, nicolae_spider_entry_tight_spaces, special_room,
          wad_woods_road_04, uniq_harold, uniq_josephine
Lair:5:   minmay_slime_entry_pillars, minivault_23, serial_bayou_crossing,
          uniq_urug
Lair:6:   minmay_lair_end_frog_pond, st_stairs_9, bh_autumn_forest_stairs,
          uniq_snorg
Orc:1:    mines1_david, uniq_erica
Orc:2:    grunt_orc_community_town_hall, grunt_orc_community_big_house_1,
          grunt_orc_community_big_house_1, grunt_orc_community_house_1,
          grunt_orc_community_house_3, grunt_orc_community_house_1,
          grunt_orc_community_house_3, serial_shops, shop, lemuel_statue_altar
Bailey:   bailey_axe_2, bailey

Skill      XL: |  1  2  3  4  5  6  7  8  9 10 11 12 13 14 |
---------------+-------------------------------------------+-----
Axes           | 3 4 5 6 7 8 10 11 12 13 14 16 17 | 17.1
Fighting       | 4 6 8 9 11 12 13 | 13.5
Armour         | 3 5 6 8 10 11 12 | 12.7
Dodging        | 2 4 |  4.7

Action                   |  1- 3 |  4- 6 |  7- 9 | 10-12 | 13-15 || total
-------------------------+-------+-------+-------+-------+-------++-------
Melee: Hand axe          |   137 |   167 |       |       |       ||   304
       Dire flail        |       |       |   126 |       |       ||   126
       War axe           |       |       |   174 |   282 |       ||   456
       Battleaxe         |       |       |       |   419 |   942 ||  1361
Invok: Berserk           |       |     2 |     7 |     3 |     6 ||    18
       Trog's Hand       |       |     1 |     1 |       |     3 ||     5
 Abil: Fly               |       |       |       |       |     1 ||     1
  Use: Scroll            |       |     2 |     4 |    19 |    12 ||    37
       Potion            |       |       |       |       |     3 ||     3
  Eat: Chunk             |     2 |     8 |    15 |    26 |    22 ||    73
       Beef jerky        |       |       |     1 |     1 |       ||     2
       Bread ration      |       |       |     1 |       |     2 ||     3
Armor: Ring mail         |    43 |       |       |       |   243 ||   286
       Scale mail        |    33 |   111 |       |       |       ||   144
       Plate armour      |       |     2 |   267 |   497 |   202 ||   968
Dodge: Dodged            |    83 |    80 |   121 |   595 |   796 ||  1675
Block: Other             |       |       |       |       |   133 ||   133

Vault maps used:
D:1:      lemuel_arrival_broad_hall
D:2:      first_bread, elyvilon_altar_5
D:3:      ecumenical_altar_2, uniq_grinder
D:4:      uniq_edmund
D:5:      minmay_misc_feat_nine_boxes, minmay_fountain_box,
          serial_park_tiny_pond, nrook_pool_corridor, hex_large
D:6:      serial_shops, shop_fountains, uniq_blork_the_orc, uniq_pikel
D:7:      okawaru_gym_becter
D:8:      minmay_bloctagon_deflated
D:9:      lemuel_ogre_cave, enter_bailey_8, hangedman_ranch,
          nicolae_dithmenos_the_darkroom
D:10:     minmay_lair_entry_lava, serial_shops, shop_coins,
          kennysheep_generic_room_7
D:11:     serial_shops, nicolae_shop_trees, nicolae_qazlal_eye_of_the_storm
D:12:     hiddenorc1_lemuel, serial_shops, shop, shop
Lair:1:   serial_bayou_shore_b, grunt_megastairs_4, lemuel_fruit_tree
Lair:2:   minmay_swamp_entry_reptiles, uniq_prince_ribbit2
Lair:3:   minmay_lair_oklob_items, basic_altar
Lair:4:   lemuel_slime, nicolae_spider_entry_tight_spaces, special_room,
          wad_woods_road_04, uniq_harold, uniq_josephine
Lair:5:   minmay_slime_entry_pillars, minivault_23, serial_bayou_crossing,
          uniq_urug
Lair:6:   minmay_lair_end_frog_pond, st_stairs_9, bh_autumn_forest_stairs,
          uniq_snorg
Orc:1:    mines1_david, uniq_erica
Orc:2:    grunt_orc_community_town_hall, grunt_orc_community_big_house_1,
          grunt_orc_community_big_house_1, grunt_orc_community_house_1,
          grunt_orc_community_house_3, grunt_orc_community_house_1,
          grunt_orc_community_house_3, serial_shops, shop, lemuel_statue_altar
Bailey:   bailey_axe_2, bailey

Table legend:
 A = Turns spent in this place as a percentage of turns spent in the entire game.
 B = Non-inter-level travel turns spent in this place as a percentage of non-inter-level travel turns spent in the entire game.
 C = Inter-level travel turns spent in this place as a percentage of turns spent in this place.
 D = Turns resting spent in this place as a percentage of non-inter-level travel turns spent in this place.
 E = Turns spent auto-exploring this place as a percentage of non-inter-level travel turns spent in this place.
 F = Non-inter-level travel turns spent in this place divided by the number of levels of this place that you've seen.
                   A       B       C       D       E      F
               +-------+-------+-------+-------+-------+----------------------
         Total | 100.0 | 100.0 |   0.3 |   0.2 |  10.1 | 547.6
       Dungeon |  48.0 |  48.0 |   0.4 |   0.1 |  12.9 | 459.8
          Lair |  39.2 |  39.2 |   0.3 |   0.3 |   8.2 | 750.8
  Orcish Mines |   8.9 |   8.9 |   0.0 |   0.0 |   3.2 | 511.5
        Bailey |   3.9 |   3.9 |   0.0 |   0.0 |   9.1 | 453.0
               +-------+-------+-------+-------+-------+----------------------

Table legend:
 A = Kills in this place as a percentage of kills in entire the game.
 B = Kills by you in this place as a percentage of kills by you in the entire game.
 C = Kills by friends in this place as a percentage of kills by friends in the entire game.
 D = Other kills in this place as a percentage of other kills in the entire game.
 E = Experience gained in this place as a percentage of experience gained in the entire game.
 F = Experience gained in this place divided by the number of levels of this place that you have seen.
                   A       B       C       D       E      F
               +-------+-------+-------+-------+-------+----------------------
         Total | 100.0 | 100.0 |  -nan |  -nan | 100.0 | 4351.9
       Dungeon |  41.8 |  41.8 |  -nan |  -nan |  23.1 | 1760.7
          Lair |  42.4 |  42.4 |  -nan |  -nan |  69.1 | 10521.7
  Orcish Mines |  11.2 |  11.2 |  -nan |  -nan |   6.8 | 3129.5
        Bailey |   4.6 |   4.6 |  -nan |  -nan |   1.0 | 873.0
               +-------+-------+-------+-------+-------+----------------------
